 Dungeon Crawl Stone Soup version 0.30.1-4-g462c640d31 (webtiles) character file.

Game seed: 12575227097010196707

282 Raikaria the Ducker (level 6, -4/52 HPs)
             Began as a Draconian Warper on Sept 17, 2023.
             Was an Initiate of Sif Muna.
             Slain by a shadow (11 damage)
             ... on level 5 of the Dungeon.
             The game lasted 00:09:49 (4192 turns).

Raikaria the Ducker (Draconian Warper)              Turns: 4192, Time: 00:09:49

Health: -4/52      AC:  8    Str: 15    XL:     6   Next: 6%
Magic:  8/9        EV: 28    Int: 13    God:    Sif Muna [......]
Gold:   202        SH:  0    Dex: 11    Spells: 7/9 levels left

rFire   . . .        f - +2 dagger (venom)
rCold   . . .        (no shield)
rNeg    . . .        (body armour unavailable)
rPois   .            (helmet restricted)
rElec   .            (no cloak)
rCorr   .            (no gloves)
SInv    .            k - +1 pair of boots
Will    .....        h - amulet of the acrobat
Stlth   +            (no ring)
HPRegen 0.28/turn    (no ring)
MPRegen 0.11/turn

%: acrobat
@: acrobatic
A: AC +6, unfitting armour, cold-blooded
a: Renounce Religion


You were on level 5 of the Dungeon.
You worshipped Sif Muna.
Sif Muna was noncommittal.
You visited 2 branches of the dungeon, and saw 7 of its levels.

You collected 202 gold pieces.

Inventory:

Hand Weapons
 a - a +0 mace
 f - a +2 dagger of venom (weapon)
Missiles
 c - 7 boomerangs of dispersal (quivered)
 u - 2 boomerangs
Armour
 k - a +1 pair of boots (worn)
 r - an orb of mayhem
Jewellery
 h - an amulet of the acrobat (around neck)
Scrolls
 b - 2 scrolls of blinking
 e - 6 scrolls of identify {unknown}
 j - 2 scrolls of vulnerability {unknown}
 l - 2 scrolls of teleportation {unknown}
 m - a scroll of enchant armour {unknown}
 p - 2 scrolls of noise {unknown}
 q - a scroll of amnesia {unknown}
 s - a scroll of poison {unknown}
 v - a scroll of immolation {unknown}
 y - 3 scrolls of brand weapon {unknown}
Potions
 d - a potion of haste {unknown}
 g - 3 potions of invisibility {unknown}
 i - a potion of might {unknown}
 n - a potion of curing {unknown}
 o - a potion of lignification {unknown}
 t - a potion of degeneration {unknown}
 w - a potion of mutation {unknown}
 x - 2 potions of brilliance {unknown}


   Skills:
 + Level 3.7 Fighting
 - Level 2.0 Short Blades
 + Level 3.5 Maces & Flails
 - Level 0.8 Throwing
 + Level 3.7 Dodging
 - Level 0.7 Stealth
 - Level 2.0 Spellcasting
 - Level 3.0 Translocations
 + Level 0.9 Invocations


You had 7 spell levels left.
You knew the following spells:

 Your Spells              Type           Power      Damage    Failure   Level
a - Blink                 Tloc           18%        N/A       11%         2

Your spell library contained the following spells:

 Spells                   Type           Power      Damage    Failure   Level
 Lesser Beckoning         Tloc           18%        N/A       11%         2
 Teleport Other           Tloc           9%         N/A       22%         3
 Portal Projectile        Hex/Tloc       10%        N/A       38%         3
 Vhi's Electric Charge    Tloc/Air       10%        N/A       38%         3
 Call Canine Familiar     Summ           1%         N/A       58%         3
 Manifold Assault         Tloc           9%         N/A       58%         4
 Leda's Liquefaction      Hex/Erth       0%         N/A       94%         4
 Storm Form               Tmut/Air       0%         N/A       100%        7


Dungeon Overview and Level Annotations

Branches:
Dungeon (6/15)             Temple (1/1) D:4

Altars:
Ashenzari
Cheibriados
Fedhas
Hepliaklqana
Nemelex Xobeh
Okawaru
Sif Muna
Vehumet
Wu Jian
Yredelemnul
Zin
The Shining One


Innate Abilities, Weirdness & Mutations

Your plain brown scales are hard. (AC +6)
You cannot fit into any form of body armour.
You are cold-blooded and may be slowed by cold attacks.


Message History

You hit the shadow but do no damage.
The shadow is lightly damaged.
The shadow slips into darkness.
The shadow flickers and vanishes!
Deactivating autopickup; reactivate with Ctrl-A.
You hit something.
The shadow strikes at you from the darkness!
Reactivating autopickup.
You hit the shadow but do no damage.
The shadow is moderately damaged.
The shadow hits you.
You hit the shadow.
The shadow is moderately damaged.
The shadow barely misses you.
You hit the shadow.
The shadow is heavily damaged.
The shadow hits you.
You barely miss the shadow.
You tail-slap the shadow, but do no damage.
The shadow is heavily damaged.
You hit the shadow but do no damage.
You tail-slap the shadow, but do no damage.
The shadow is heavily damaged.
The shadow hits you.
You hit the shadow but do no damage.
The shadow is heavily damaged.
The shadow completely misses you.
Casting: Blink (safe; 11% risk of failure)
Confirm with . or Enter, or press ? or * to list all spells.
You blink.
The shadow slips into darkness.
The shadow flickers and vanishes!
Deactivating autopickup; reactivate with Ctrl-A.
You feel stable enough to blink again.
Found a whip.
The shadow strikes at you from the darkness!
* * * LOW HITPOINT WARNING * * *
Reactivating autopickup.
The shadow attacks as you move away! The shadow hits you!
You die...

####### ###...... ####
#........ #...####
#........ #......#
#........ #...)..#
#.....###
#......#######.....###
+....@W...............
#...##################
#.. #.......#..<# #.
#.#####.#.### #
#...##....##
#######'##.....#
#............#.#
#............#.###
#............#...#


You could see a shadow.

Vanquished Creatures
  An ogre (D:4)
  A hound (D:4)
  An iguana (D:4)
  Robin (D:4)
  5 adders
  5 dart slugs
  2 orcs
  3 bats
  6 endoplasms
  5 giant cockroaches
  13 goblins
  9 hobgoblins
  4 jackals (D:2)
  A quokka (D:1)
  3 ball pythons
  3 frilled lizards
  7 kobolds
  7 rats
  A spectral kobold (D:3)
78 creatures vanquished.

Notes
Turn   | Place    | Note
-------+----------+-------------------------------------------
     0 | D:1      | Raikaria the Draconian Warper began the quest for the Orb.
     0 | D:1      | Reached XP level 1. HP: 17/17 MP: 3/3
   111 | D:1      | Reached XP level 2. HP: 17/25 MP: 5/5
   874 | D:2      | Reached XP level 3. HP: 30/30 MP: 6/6
  1748 | D:3      | Reached skill level 1 in Short Blades
  1836 | D:3      | Reached XP level 4. HP: 30/37 MP: 7/7
  1992 | D:4      | Noticed Robin
  2006 | D:3      | Found a hazy altar of Hepliaklqana.
  2052 | D:3      | Found a faded altar of an unknown god.
  2586 | D:4      | Noticed an ogre
  2631 | D:4      | Learned a level 2 spell: Blink
  2636 | D:5      | Entered Level 5 of the Dungeon
  2956 | D:4      | Killed an ogre
  2957 | D:4      | Reached XP level 5. HP: 36/45 MP: 8/8
  3297 | D:4      | Found a staircase to the Ecumenical Temple.
  3307 | Temple   | Entered the Ecumenical Temple
  3338 | Temple   | Became a worshipper of Sif Muna the Loreminder
  3661 | D:4      | Killed Robin
  3662 | D:4      | Reached XP level 6. HP: 52/52 MP: 9/9
  4154 | D:5      | Noticed a shadow
  4192 | D:5      | Slain by a shadow

Illustrated notes

Levels and vault maps discovered:
D:1:      psy_arrival_fountain, layout_loops_ring
D:2:      layout_loops_corners
D:3:      layout_loops_ring, nicolae_hepliaklqana_monster_ancestors,
          nicolae_ecumenical_lake_church
D:4:      layout_layer_cave, minmay_temple_entry_slanted, uniq_robin
D:5:      layout_basic, marbit_many_paths, kennysheep_doodads, minmay_puff
D:6:      layout_basic, minmay_fountain_box, nicolae_shop_i_like_big_books,
          uniq_duvessa
Temple:   nicolae_temple_bog_church

Skill      XL: |  1  2  3  4 |
---------------+-------------+-----
Short Blades   | 1 2 |  2.0
Dodging        | 3 |  3.7
Fighting       | 3 |  3.7
Maces & Flails | 3 |  3.5
Throwing       | |  0.8
Stealth        | |  0.7
Spellcasting   | |  2.0
Translocations | |  3.0
Invocations    | |  0.9

Action                     |  1- 3 |  4- 6 || total
---------------------------+-------+-------++-------
  Melee: Mace              |    16 |       ||    16
         Tailslap          |    11 |    16 ||    27
         Dagger            |    77 |   126 ||   203
         Punch             |     2 |       ||     2
   Cast: Blink             |       |     1 ||     1
   Stab: Sleeping          |       |     1 ||     1
 Armour: Skin              |    22 |    30 ||    52
  Dodge: Dodged            |    65 |    72 ||   137
